 Dungeon Crawl Stone Soup version 0.32-a0-918-g0f22ef8d61 (webtiles) character file.

Game seed: 9636275670749375190

224 Autsider the Grave Robber (level 5, 0/41 HPs)
             Began as a Mummy Necromancer on Apr 10, 2024.
             Slain by a cerulean imp
             ... wielding a +0 spear
             ... summoned by Natasha
              (5 damage)
             ... on level 4 of the Dungeon.
             The game lasted 00:06:24 (2533 turns).

Autsider the Grave Robber (Mummy Necromancer)       Turns: 2533, Time: 00:06:25

Health: 0/41       AC:  3    Str: 11    XL:     5   Next: 67%
Magic:  12/12      EV: 11    Int: 17    God:
Gold:   200        SH:  0    Dex: 12    Spells: 10/13 levels left

rFire   x . .        b - +1 dagger (venom)
rCold   + . .        (no shield)
rNeg    + + +        a - +1 robe
rPois   ∞            (no helmet)
rElec   .            (no cloak)
rCorr   .            (no gloves)
SInv    .            (no boots)
Will    .....        (no amulet)
Stlth   ++           (no ring)
HPRegen 0.26/turn    (no ring)
MPRegen 0.13/turn

%: faith
@: no status effects
A: cold resistance 1, negative energy resistance 3, torment resistance 2, heat
vulnerability 1, in touch with death 1, no potions, faith
a: no special abilities


You were on level 4 of the Dungeon.
You visited 1 branch of the dungeon, and saw 4 of its levels.

You collected 200 gold pieces.

Inventory:

Hand Weapons
 b - a +1 dagger of venom (weapon)
 l - a +3 whip of electrocution
 o - a +1 heavy sling
Missiles
 m - a throwing net
Armour
 a - a +1 robe (worn)
Jewellery
 j - a ring of see invisible
Wands
 i - a wand of polymorph (6)
Scrolls
 c - a scroll of vulnerability
 d - a scroll of teleportation {@r2}


   Skills:
 + Level 3.0 Fighting
 - Level 2.0 Dodging
 - Level 2.0 Stealth
 + Level 4.7 Spellcasting
 + Level 4.8 Necromancy


You had 10 spell levels left.
You knew the following spells:

 Your Spells              Type           Power      Damage    Failure   Level
b - Vampiric Draining     Necr           30%        2d8       6%          3

Your spell library contained the following spells:

 Spells                   Type           Power      Damage    Failure   Level
 Necrotise                Necr           100%       1d9       1%          1
 Kiss of Death            Conj/Necr      72%        2d10      5%          1
 Apportation              Tloc           6%         N/A       14%         1
 Sting                    Conj/Alch      12%        1d3       14%         1
 Summon Small Mammal      Summ           12%        N/A       14%         1
 Animate Dead             Necr           30%        N/A       21%         4
 Dispel Undead            Necr           30%        3d14      21%         4
 Confusing Touch          Hex            3%         N/A       41%         3
 Curse of Agony           Necr           30%        N/A       50%         5


Dungeon Overview and Level Annotations

Branches:
Dungeon (4/15)
 Temple: D:4-7

Altars:

Shops:
D:2 !

Annotations:
D:4 Natasha


Innate Abilities, Weirdness & Mutations

You are immune to poison.
Your flesh is cold resistant. (rC+)
You are immune to negative energy. (rN+++)
You are immune to unholy pain and torment.
You are vulnerable to heat. (rF-)
You are in touch with the powers of death.
You do not drink.
You have a special connection with the divine. (Faith)


Message History

You hit the orc.
The orc is moderately wounded.
The orc closely misses you.
Natasha mumbles some strange words.
You hit the orc but do no damage.
The orc is moderately wounded.
The orc hits you with a +0 hand axe.
You hit the orc.
The orc is poisoned.
The orc is severely wounded.
You kill the orc!
You hit Natasha but do no damage.
Natasha is poisoned.
Natasha claws you.
You barely miss Natasha.
The cerulean imp hits you from afar with a +0 spear.
Natasha mumbles some strange words.
You hit Natasha.
Natasha looks as sick as possible!
Natasha is lightly wounded.
The cerulean imp closely misses you. Natasha closely misses you.
The cerulean imp barely misses you.
You closely miss Natasha.
Natasha is moderately wounded.
The cerulean imp misses you. Natasha claws you.
* * * LOW HITPOINT WARNING * * *
The cerulean imp hits you with a +0 spear.
* * * LOW HITPOINT WARNING * * *
You closely miss Natasha.
Natasha is heavily wounded.
The cerulean imp completely misses you. Natasha claws you.
* * * LOW HITPOINT WARNING * * *
The cerulean imp barely misses you.
The cerulean imp hits you but does no damage.
Natasha attacks as she pursues you! Natasha claws you.
* * * LOW HITPOINT WARNING * * *
You barely miss Natasha.
Natasha is almost dead.
Natasha howls an incantation.
You feel disoriented. Natasha claws you!
* * * LOW HITPOINT WARNING * * *
The cerulean imp hits you from afar with a +0 spear.
You die...

#..... ....# #....#
##...# #.##.# .#...#
#.##.# .#...# #.##.#
.#...# #.##.# .#5..#
# #.<..##
##.#)..##...
#.....####.##5.....#
####......@h5......#
#.##..###.........
#.#........?....##
.#..#####.........
.###. #.......## ##
.# #.?.....# .#
######### #


You could see Natasha (very poisoned) and 2 cerulean imps.

Vanquished Creatures
  An iguana (D:3)
  2 orc wizards (D:3)
  4 gnolls (D:3)
  4 adders
  3 dart slugs
  2 ribbon worms (D:2)
  4 orcs
  4 ball pythons
  5 endoplasms
  3 giant cockroaches
  3 hobgoblins
  8 kobolds
  4 quokkas
  5 bats
  2 frilled lizards
  3 goblins
  8 rats
65 creatures vanquished.

Notes
Turn   | Place    | Note
-------+----------+-------------------------------------------
     0 | D:1      | Autsider the Mummy Necromancer began the quest for the Orb.
     0 | D:1      | Reached XP level 1. HP: 13/13 MP: 4/4
   137 | D:1      | Reached XP level 2. HP: 17/20 MP: 3/5
   407 | D:1      | Reached skill level 1 in Fighting
   589 | D:2      | Reached XP level 3. HP: 26/26 MP: 3/7
   593 | D:2      | Learned a level 3 spell: Vampiric Draining
   957 | D:2      | Reached XP level 4. HP: 30/33 MP: 9/9
  1163 | D:2      | Found Opalus's Distillery.
  2012 | D:3      | Reached XP level 5. HP: 39/39 MP: 4/11
  2519 | D:4      | Noticed Natasha
  2533 | D:4      | Slain by a cerulean imp

Illustrated notes

Levels and vault maps discovered:
D:1:      eino_arrival_druids_welcome, layout_rooms,
          amcnicky_mini_rare_corridor_liquid
D:2:      layout_loops_ring, serial_shops, nicolae_shop_pleasant_corner_grove,
          corexii_shack
D:3:      layout_loops_cross
D:4:      layout_loops_cross, chei_slow_surprise, portal_sewer_entry_e,
          corexii_leaking_fountain, uniq_grinder, uniq_crazy_yiuf_cottage,
          uniq_menkaure, uniq_natasha

Skill      XL: |  1  2  3  4  5 |
---------------+----------------+-----
Spellcasting   | 3 4 |  4.7
Fighting       | 1 2 3 |  3.0
Stealth        | 2 |  2.0
Dodging        | 2 |  2.0
Necromancy     | |  4.8

Action                     |  1- 3 |  4- 6 || total
---------------------------+-------+-------++-------
  Melee: Dagger            |    99 |    52 ||   151
         Whip              |       |    36 ||    36
   Cast: Necrotise         |    14 |       ||    14
         Vampiric Draining |     2 |    10 ||    12
    Use: Scroll            |     2 |     5 ||     7
   Stab: Sleeping          |     2 |     4 ||     6
 Armour: Robe              |    47 |    52 ||    99
  Dodge: Dodged            |    61 |    56 ||   117

Table legend: (Time is in decaauts)
 A = Elapsed time spent in this place.
 B = Non-inter-level travel time spent in this place.
 C = Inter-level travel time spent in this place.
 D = Time resting spent in this place.
 E = Time spent auto-exploring this place.
 F = Levels seen in this place.
 G = Mean time per level.
                   A        B        C        D        E       F      G
               +--------+--------+--------+--------+--------+-----+--------+
         Total |   2535 |   2449 |     86 |    148 |   1756 |   4 |  633.8 |
       Dungeon |   2535 |   2449 |     86 |    148 |   1756 |   4 |  633.8 |
               +--------+--------+--------+--------+--------+-----+--------+

Top non-repeatable levels by time:
     D:3: 985 daAuts
     D:2: 942 daAuts
     D:1: 520 daAuts
     D:4: 87 daAuts
